Map: Dusk Towers

Players

Haffey

  • Race: Protoss Protoss
  • League: Grandmaster

hydra

  • Race: Protoss Protoss
  • League: Grandmaster

VOD

Have the link to the VOD?

Description

Hydra win's with hydra's lurkers and lurkers verse heavy phenix

Time

  • Played on: March 18, 2016, 4:40 a.m.
  • Length: 15:02
Show
View Real Time Build Order
Export as new Build Order

Haffey Protoss 

Build Orders: 1 Gate Expand, Phoenix Opening 

Get SALT Encoding   

  12  0:01  Probe (Chrono Boost)  
  13  0:11  Probe (Chrono Boost)  
  14  0:18  Pylon  
  14  0:22  Probe (Chrono Boost)  
  15  0:36  Probe (Chrono Boost)  
  15  0:37  Gateway  
  16  0:46  Assimilator  
  16  0:47  Probe (Chrono Boost)  
  17  0:58  Probe (Chrono Boost)  
  18  1:08  Probe (Chrono Boost)  
  19  1:21  Nexus  
  19  1:31  Cybernetics Core  
  19  1:34  Probe (Chrono Boost)  
  20  1:40  Assimilator  
  20  1:44  Probe (Chrono Boost)  
  21  1:50  Pylon  
  21  1:56  Probe (Chrono Boost)  
  22  2:07  Probe (Chrono Boost)  
  23  2:09  Warp Gate  
  23  2:10  Stalker  
  25  2:18  Probe (Chrono Boost)  
  27  2:30  Probe (Chrono Boost)  
  27  2:36  Stargate  
  27  2:37  Probe (Chrono Boost)  
  27  2:40  Adept, Probe (Chrono Boost)  
  31  2:48  Probe (Chrono Boost)  
  31  2:51  Probe (Chrono Boost)  
  34  2:58  Probe (Chrono Boost)  
  34  3:01  Probe (Chrono Boost)  
  35  3:09  Probe (Chrono Boost)  
  35  3:12  Probe (Chrono Boost)  
  37  3:15  Gateway  
  37  3:16  Gateway  
  37  3:18  Probe (Chrono Boost)  
  38  3:21  Phoenix (Chrono Boost)  
  38  3:23  Probe  
  41  3:28  Probe  
  41  3:33  Pylon  
  42  3:35  Probe  
  42  3:41  Probe  
  43  3:45  Phoenix (Chrono Boost)  
  46  3:51  Probe x2  
  48  3:56  Pylon  
  48  4:03  Probe  
  48  4:07  Phoenix (Chrono Boost)  
  51  4:14  Adept  
  51  4:15  Adept x2  
  57  4:19  Nexus  
  57  4:27  Probe  
  57  4:28  Phoenix (Chrono Boost)  
  57  4:30  Pylon  
  57  4:31  Pylon  
  60  4:36  Probe  
  61  4:40  Assimilator  
  61  4:48  Adept x2  
  61  4:49  Adept  
  61  4:50  Phoenix (Chrono Boost)  
  69  4:55  Probe  
  69  4:57  Probe  
  71  5:04  Assimilator  
  71  5:07  Forge  
  71  5:08  Probe x2  
  71  5:12  Phoenix (Chrono Boost)  
  75  5:20  Probe  
  74  5:33  Phoenix (Chrono Boost), Probe x2  
  74  5:45  Probe  
  74  5:47  Probe  
  68  5:50  Robotics Facility  
  68  5:52  Robotics Facility  
  68  5:54  Probe  
  68  5:55  Phoenix (Chrono Boost)  
  68  5:56  Zealot x3  
  77  6:01  Mothership Core  
  77  6:02  Probe  
  80  6:05  Assimilator  
  80  6:06  Assimilator  
  80  6:17  Adept x3  
  77  6:26  Probe, Pylon  
  77  6:28  Probe  
  77  6:30  Probe  
  80  6:37  Probe  
  80  6:39  Adept x2  
  85  6:40  Zealot  
  85  6:44  Immortal x2 (Chrono Boost), Probe  
  88  7:00  Zealot x2, Adept  
  88  7:02  Protoss Ground Weapons Level 1  
  86  7:10  Probe  
  86  7:11  Oracle  
  87  7:20  Probe x2  
  87  7:22  Probe  
  93  7:27  Twilight Council  
  93  7:29  Immortal (Chrono Boost)  
  97  7:31  Immortal (Chrono Boost)  
  97  7:34  Pylon  
  97  7:35  Pylon  
  101  7:46  Pylon  
  101  7:47  Pylon  
  101  7:52  Probe x3  
  101  7:54  Twilight Council  
  104  7:59  Sentry  
  104  8:00  Sentry  
  104  8:01  Sentry  
  110  8:10  Pylon  
  110  8:11  Immortal (Chrono Boost), Pylon  
  114  8:23  Immortal (Chrono Boost)  
  114  8:24  Adept x2  
  114  8:25  Adept  
  124  8:38  Charge (Chrono Boost)  
  124  8:43  Observer  
  124  8:45  Zealot x2  
  124  8:46  Zealot  
  109  9:03  Immortal  
  109  9:04  Immortal  
  91  9:17  Zealot  
  91  9:18  Zealot x2  
  91  9:22  Probe x3  
  100  9:36  Templar Archives  
  100  9:37  Gateway  
  100  9:40  Immortal, Gateway  
  100  9:41  Gateway  
  100  9:43  Gateway  
  104  9:47  Protoss Ground Weapons Level 2 (Chrono Boost)  
  104  9:51  Immortal, Gateway  
  108  10:03  Probe  
  109  10:14  High Templar x3  
  115  10:21  Nexus  
  115  10:25  Immortal  
  115  10:28  Pylon  
  115  10:31  Pylon  
  119  10:44  Oracle  
  119  10:47  Probe x2  
  119  10:48  Immortal  
  124  10:51  High Templar x2  
  124  10:52  High Templar  
  124  10:53  Assimilator  
  134  10:57  Probe  
  134  10:58  Assimilator  
  134  10:59  Immortal, Probe  
  134  11:01  Archon x3  
  140  11:10  Photon Cannon  
  140  11:24  High Templar x2  
  144  11:26  High Templar x2  
  144  11:28  Immortal  
  144  11:29  Archon  
  148  11:33  Pylon  
  148  11:34  Pylon  
  148  11:35  Pylon  
  148  11:36  Archon, Pylon  
  152  11:45  Observer  
  152  11:52  Psionic Storm  
  153  11:55  Stargate  
  153  11:58  Zealot, Stargate  
  153  11:59  Zealot x4  
  163  12:02  Warp Prism  
  163  12:05  High Templar  
  163  12:06  Zealot x2  
  169  12:22  Zealot x5  
  127  12:38  High Templar x3  
  133  12:50  Zealot x3  
  133  12:51  Immortal, Zealot x2  
  143  12:55  Probe x2  
  149  13:10  High Templar  
  149  13:11  High Templar x3  
  149  13:12  Zealot x3  
  163  13:14  Archon  
  163  13:16  Archon  
  163  13:17  Oracle  
  160  13:35  Nexus, Pylon  
  160  13:39  Zealot, High Templar x2  
  160  13:40  Zealot  
  158  13:49  Archon  
  125  14:04  Zealot, High Templar x3  
  125  14:05  Zealot x2  
  137  14:13  Archon  
  135  14:23  High Templar x2  
  139  14:26  Zealot x3  
  139  14:28  Archon  
  149  14:38  Zealot x3  
  155  14:41  Assimilator  
  155  14:43  Assimilator  
Show
View Real Time Build Order
Export as new Build Order

hydra Protoss 

Build Orders:  

Get SALT Encoding   

  12  0:00  Drone  
  13  0:12  Overlord  
  13  0:17  Drone  
  14  0:31  Drone x2  
  14  0:34  Drone  
  17  0:52  Hatchery  
  17  0:54  Drone  
  17  0:58  Drone  
  18  1:06  Drone  
  18  1:08  Extractor  
  18  1:17  Spawning Pool  
  17  1:19  Drone  
  18  1:27  Drone  
  19  1:38  Drone  
  20  1:49  Overlord  
  20  1:55  Hatchery  
  19  2:03  Queen  
  21  2:09  Metabolic Boost  
  21  2:13  Drone  
  22  2:16  Drone  
  22  2:20  Drone  
  22  2:22  Drone  
  25  2:26  Zergling x2  
  25  2:28  Drone  
  27  2:32  Drone  
  28  2:38  Queen  
  28  2:41  Drone  
  31  2:45  Drone  
  31  2:48  Overlord  
  32  2:55  Queen  
  32  2:57  Drone  
  35  2:59  Drone  
  35  3:04  Overlord  
  36  3:07  Drone  
  36  3:08  Drone  
  36  3:11  Drone x2  
  40  3:15  Drone  
  40  3:18  Drone  
  40  3:19  Drone  
  44  3:20  Drone  
  43  3:27  Queen  
  43  3:28  Drone  
  43  3:29  Drone  
  43  3:31  Drone  
  48  3:36  Roach Warren  
  48  3:39  Drone x2  
  48  3:40  Drone  
  50  3:42  Drone  
  50  3:44  Drone  
  52  3:48  Spore Crawler  
  52  3:49  Spore Crawler  
  52  3:53  Lair, Extractor  
  49  3:56  Drone x2  
  49  3:58  Drone  
  49  4:00  Overlord  
  49  4:02  Drone  
  53  4:04  Drone  
  53  4:05  Drone  
  53  4:07  Overlord  
  55  4:10  Drone  
  55  4:11  Extractor  
  55  4:15  Drone x2  
  57  4:18  Overlord  
  57  4:20  Drone  
  57  4:23  Roach x3  
  64  4:25  Drone  
  64  4:26  Extractor  
  64  4:27  Drone x2  
  64  4:28  Drone  
  67  4:32  Roach  
  67  4:33  Roach  
  67  4:37  Drone  
  67  4:38  Drone x2, Extractor  
  73  4:40  Extractor  
  73  4:41  Drone  
  73  4:44  Drone  
  74  4:47  Overlord  
  74  4:49  Overlord  
  74  4:53  Drone, Hydralisk Den  
  74  4:55  Overlord  
  74  4:56  Overlord  
  74  5:00  Overlord  
  74  5:03  Overlord  
  74  5:05  Spore Crawler  
  74  5:07  Drone  
  74  5:09  Drone x2  
  74  5:11  Drone  
  74  5:12  Evolution Chamber  
  74  5:14  Zergling x4  
  78  5:18  Zergling x6  
  78  5:20  Zergling x4  
  81  5:23  Zergling x2  
  81  5:24  Zergling x2  
  81  5:27  Zergling x2  
  84  5:31  Zergling x2  
  84  5:32  Zergling x8  
  81  5:39  Lurker Den  
  81  5:41  Queen  
  73  5:49  Queen  
  72  5:50  Zerg Missile Weapons Level 1  
  72  5:52  Drone  
  72  5:55  Drone  
  72  5:56  Drone  
  75  5:57  Drone  
  75  5:59  Drone  
  75  6:00  Drone  
  75  6:02  Drone  
  75  6:03  Drone  
  78  6:05  Drone  
  78  6:06  Drone  
  78  6:07  Drone  
  78  6:10  Drone  
  83  6:11  Drone  
  83  6:14  Drone  
  82  6:19  Drone x2  
  82  6:21  Drone  
  84  6:27  Queen  
  84  6:31  Hydralisk  
  84  6:32  Hydralisk x3  
  93  6:45  Hydralisk x3  
  97  6:51  Hydralisk  
  98  6:59  Hydralisk x7  
  110  7:07  Muscular Augments  
  110  7:08  Lurker  
  102  7:09  Lurker x3  
  102  7:11  Overlord  
  102  7:12  Drone x2  
  102  7:13  Drone  
  106  7:16  Hydralisk  
  108  7:23  Hydralisk x3  
  114  7:33  Hatchery  
  114  7:35  Hydralisk  
  114  7:36  Hydralisk  
  117  7:38  Drone  
  117  7:39  Drone  
  117  7:41  Overlord x2  
  119  7:46  Infestation Pit  
  119  7:47  Zerg Missile Weapons Level 2  
  119  7:49  Drone  
  119  7:57  Zergling x6  
  122  8:01  Zergling x16  
  122  8:05  Zergling x2  
  131  8:08  Queen  
  131  8:09  Zergling x6  
  136  8:14  Zergling x2  
  136  8:15  Zergling x2  
  138  8:20  Overlord x3  
  138  8:25  Lurker x2  
  138  8:26  Lurker x4  
  133  8:27  Lurker x2  
  133  8:29  Lurker  
  133  8:30  Lurker  
  133  8:31  Lurker  
  133  8:33  Lurker  
  138  8:36  Overlord  
  138  8:39  Overseer  
  138  8:40  Hydralisk  
  138  8:41  Hydralisk  
  129  8:57  Hydralisk x4  
  129  8:58  Hydralisk x2  
  133  9:03  Hydralisk x2  
  133  9:07  Hydralisk  
  109  9:17  Hive  
  109  9:18  Drone  
  109  9:19  Drone x8  
  109  9:21  Extractor  
  109  9:22  Hydralisk, Extractor  
  109  9:23  Hydralisk  
  109  9:30  Drone x3  
  111  9:32  Spore Crawler  
  111  9:35  Hydralisk x2  
  114  9:41  Overlord  
  114  9:43  Lurker x2  
  116  9:47  Glial Reconstitution  
  116  9:50  Drone x3  
  116  9:52  Spore Crawler  
  118  9:56  Hydralisk x4  
  126  10:07  Hydralisk x4  
  134  10:16  Drone x2  
  134  10:17  Drone  
  134  10:18  Spine Crawler  
  134  10:19  Spine Crawler  
  134  10:21  Hatchery  
  134  10:27  Hydralisk  
  134  10:28  Hydralisk x5  
  145  10:45  Lurker x5  
  150  10:52  Zerg Missile Weapons Level 3  
  150  10:58  Hydralisk x2  
  150  10:59  Hydralisk  
  150  11:03  Drone x4  
  150  11:04  Drone  
  161  11:08  Viper  
  164  11:12  Overlord x3  
  164  11:18  Extractor  
  163  11:20  Extractor  
  163  11:24  Overlord x2  
  162  11:28  Lurker  
  162  11:29  Lurker x3  
  166  11:34  Drone  
  166  11:36  Hydralisk x4  
  166  11:37  Spore Crawler  
  174  11:41  Hydralisk x2  
  174  11:42  Spine Crawler  
  174  11:43  Spine Crawler  
  176  11:47  Hydralisk x3  
  176  11:53  Drone x2  
  184  11:54  Hydralisk x4, Spine Crawler  
  184  11:55  Spine Crawler  
  184  11:59  Hydralisk x2  
  194  12:01  Overseer  
  194  12:02  Overseer  
  194  12:21  Hydralisk  
  194  12:22  Hydralisk x10  
  150  12:30  Hydralisk  
  150  12:31  Hydralisk x3  
  158  12:37  Hydralisk  
  158  12:38  Hydralisk x3  
  163  12:48  Lurker x2  
  165  12:55  Lurker x2  
  165  12:56  Lurker  
  165  12:57  Zergling x14  
  165  12:58  Zergling x14  
  182  13:04  Hydralisk x4  
  190  13:19  Lurker  
  193  13:20  Lurker x3  
  193  13:22  Lurker  
  195  13:32  Lurker x2  
  195  13:33  Lurker  
  198  13:38  Hydralisk  
  185  13:55  Hydralisk x6  
  143  13:56  Hydralisk x2  
  147  14:05  Hydralisk x6  
  147  14:08  Hydralisk  
  161  14:13  Hydralisk x2  
  161  14:14  Hydralisk  
  169  14:24  Lurker x2  
  169  14:25  Lurker  
  169  14:26  Hydralisk  
  169  14:30  Zergling x32  
  169  14:31  Zergling x4  
  190  14:36  Lurker x2  
Tags
 
Add a new tag
Caveats
  • Supply blocks, unpowered buildings, or Contaminate may cause inaccurate times.
  • Supply counts are checked every 10 seconds.